 Dungeon Crawl Stone Soup version 0.28-a0-655-g4eb62b627b (webtiles) character file.

Game seed: 17948543354457738277

109 sleeves the Ruffian (level 4, -3/35 HPs)
             Began as a Demonspawn Fighter on Oct 12, 2021.
             Killed from afar by an orc wizard (10 damage)
             ... with a puff of flame
             ... on level 3 of the Dungeon.
             The game lasted 00:02:10 (2273 turns).

sleeves the Ruffian (Demonspawn Fighter)            Turns: 2273, Time: 00:02:10

Health: -3/35      AC:  6    Str: 18    XL:     4   Next: 60%
Magic:  4/4        EV:  9    Int:  9    God:
Gold:   145        SH:  0    Dex: 12    Spells: 3/3 levels left

rFire   . . .      SeeInvis .   a - +0 war axe
rCold   . . .      Faith    .   c - +0 buckler
rNeg    . . .      Spirit   .   b - +0 scale mail
rPois   .          Reflect  +   j - +0 hat
rElec   .          Harm     .   (no cloak)
rCorr   .          Rampage  .   (no gloves)
Will    .....                   (no boots)
Stlth   ..........              g - amulet of reflection
HPRegen 0.11/turn               (no ring)
MPRegen 0.09/turn               (no ring)

@: confused
A: ignite blood 1, demonic touch 1
a: no special abilities


You were on level 3 of the Dungeon.
You visited 1 branch of the dungeon, and saw 3 of its levels.

You collected 145 gold pieces.

Inventory:

Hand Weapons
 a - a +0 war axe (weapon)
Armour
 b - a +0 scale mail (worn)
 c - a +0 buckler (worn)
 j - a +0 hat (worn)
   (You found it on level 2 of the Dungeon)
Jewellery
 g - an amulet of reflection (around neck)
   (You found it on level 1 of the Dungeon)
 n - a ring of fire
   (You found it on level 3 of the Dungeon)
Scrolls
 h - 2 scrolls of identify {unknown}
 i - a scroll of amnesia {unknown}
 k - 2 scrolls of teleportation {unknown}
 l - a scroll of summoning {unknown}
 m - a scroll of blinking {unknown}
Potions
 d - 2 potions of might
 e - a potion of haste {unknown}
 f - 2 potions of curing {unknown}


   Skills:
 - Level 3.0 Fighting
 - Level 2.5 Axes
 - Level 2.6 Armour
 - Level 2.6 Shields
 + Level 3.4 Unarmed Combat


You had 3 spell levels left.
You didn't know any spells.
Your spell library contained the following spells:

 Spells                   Type           Power      Damage    Failure   Level
 Apportation              Tloc           0%         N/A       83%         1
 Alistair's Intoxication  Tmut/Pois      0%         N/A       100%        5
 Invisibility             Hex            0%         N/A       100%        6


Dungeon Overview and Level Annotations

Branches:
Dungeon (3/15)

Altars:
Dithmenos
Xom

Annotations:
D:2 1 runed translucent door, Crazy Yiuf


Innate Abilities, Weirdness & Mutations

Your demonic aura sometimes causes spilled blood to erupt in flames.
Your touch may inflict minor irresistible damage on your foes.


Message History

Found a yellow potion.
A bat is nearby!
You barely miss the bat. The bat barely misses you.
You closely miss the bat. The bat completely misses you.
You hit the bat.
You kill the bat!
No target in view!
No target in view!
No target in view!
No target in view!
No target in view!
No target in view!
No target in view!
No target in view!
No target in view!
You see here a +0 mace.
f - a yellow potion You now have 2 gold pieces.
A kobold comes into view. It is wielding a +0 dagger.
The kobold shouts!
A kobold is nearby!
A hobgoblin comes into view.
The hobgoblin shouts!
The kobold hits you but does no damage.
You closely miss the kobold. The kobold closely misses you.
The hobgoblin closely misses you. You block the kobold's attack.
You closely miss the kobold. You hit the hobgoblin. The hobgoblin misses you.
The kobold hits you but does no damage.
You barely miss the hobgoblin.
The hobgoblin is moderately wounded.
You closely miss the kobold.
The hobgoblin hits you but does no damage.
The kobold hits you with a +0 dagger. The kobold hits you but does no damage.
The hobgoblin hits you.
You slash the kobold!
You kill the kobold!
You hit the hobgoblin.
You kill the hobgoblin!
Your Axes skill increases to level 2!
No target in view!
No target in view!
No target in view!
No target in view!
No target in view!
HP restored.
Things that are here:
a +0 dagger; a kobold corpse No target in view!
Things that are here:
a +0 dagger; a kobold corpse A bat comes into view.
A bat is nearby!
A bat is nearby!
You barely miss the bat. The bat hits you but does no damage.
You miss the bat. You block the bat's attack. You block the bat's attack.
The bat hits you but does no damage. You block the bat's attack.
You closely miss the bat. The bat hits you but does no damage. x2
A bat is nearby!
A bat is nearby!
You hit the bat.
The bat is heavily wounded.
You block the bat's attack.
A bat is nearby!
You barely miss the bat.
The bat is heavily wounded.
The bat completely misses you.
You hit the bat but do no damage.
The bat is heavily wounded.
The bat hits you but does no damage. The bat hits you.
A bat is nearby!
The bat barely misses you.
A bat is nearby!
The bat hits you. The bat barely misses you.
A bat is nearby!
The bat closely misses you. The bat hits you but does no damage.
A bat is nearby!
You closely miss the bat.
The bat is moderately wounded.
The bat barely misses you. The bat hits you but does no damage. x2
You hit the bat.
You kill the bat!
No target in view!
No target in view!
No target in view!
No target in view!
No target in view!
A bat comes into view.
A bat is nearby!
A bat is nearby!
Found a stone staircase leading down.
The bat barely misses you. The bat barely misses you. The bat misses you.
You hit the bat.
You kill the bat!
No target in view!
No target in view!
No target in view!
No target in view!
A giant cockroach comes into view.
You see here 12 gold pieces.
A giant cockroach is nearby!
A giant cockroach is nearby!
You slash the giant cockroach!
You kill the giant cockroach!
No target in view!
No target in view!
No target in view!
No target in view!
No target in view!
You now have 14 gold pieces (gained 12).
You now have 26 gold pieces (gained 12).
You now have 41 gold pieces (gained 15).
You now have 52 gold pieces (gained 11).
A rat comes into view.
A rat is nearby!
A rat is nearby!
The rat bites you but does no damage.
You hit the rat but do no damage. The rat bites you but does no damage.
The rat bites you.
Your shield and scale mail prevent you from hitting the rat.
The rat bites you but does no damage.
You barely miss the rat. You block the rat's attack. The rat bites you.
A rat is nearby!
A rat is nearby!
A rat is nearby!
A rat is nearby!
You hit the rat.
You kill the rat!
No target in view!
No target in view!
A hobgoblin comes into view.
Found a small cabochon amulet.
The hobgoblin shouts!
You see here a rat corpse.
A hobgoblin is nearby!
A hobgoblin is nearby!
You hit the hobgoblin.
The hobgoblin is severely wounded.
You block the hobgoblin's attack.
You hit the hobgoblin.
You kill the hobgoblin!
You have reached level 2!
You feel monstrous as your demonic heritage exerts itself.
Your demonic ancestry asserts itself...
Your hands begin to faintly glow with unholy energy.
g - an amulet of reflection
Okay, then.
You start putting on your amulet.
You continue putting on your amulet of reflection. x5
You finish putting on your amulet of reflection.
You feel a shielding aura gather around you.
g - an amulet of reflection (around neck)
A bat comes into view.
A bat is nearby!
A bat is nearby!
A bat is nearby!
The bat hits you but does no damage.
You miss the bat. You block the bat's attack.
The bat hits you but does no damage.
You slash the bat!
You kill the bat!
No target in view!
No target in view!
No target in view!
No target in view!
No target in view!
No target in view!
No target in view!
No target in view!
You see here a bat corpse.
You now have 56 gold pieces (gained 4).
A bat comes into view.
A bat is nearby!
A bat is nearby!
A bat is nearby!
You block the bat's attack. The bat hits you but does no damage.
You hit the bat.
You kill the bat!
No target in view!
No target in view!
No target in view!
No target in view!
No target in view!
No target in view!
No target in view!
No target in view!
No target in view!
Found a stone staircase leading down.
You open the door.
There is an open door here.
You open the door.
There is an open door here.
There is an open door here.
There is an open door here.
A kobold comes into view. It is wielding a +0 dagger.
The kobold shouts!
A goblin comes into view. It is wielding a +0 club.
There are monsters nearby!
A giant cockroach comes into view.
The goblin shouts!
Your scale mail prevents you from hitting the goblin.
You block the goblin's attack.
You closely miss the goblin. You hit the kobold but do no damage.
A kobold comes into view. It is wielding a +0 short sword.
You block the kobold's attack. You block the goblin's attack.
The kobold shouts!
You hit the goblin.
The goblin is severely wounded.
You completely miss the kobold.
The kobold throws a stone.
You reflect the stone off an invisible shield around you!
The stone barely misses the kobold.
The goblin misses you. The kobold hits you with a +0 dagger.
You block the goblin's attack.
A jackal comes into view.
You closely miss the goblin.
The goblin is severely wounded.
You barely miss the kobold. You hit the giant cockroach.
The giant cockroach bites you but does no damage.
You block the kobold's attack. The goblin barely misses you.
The giant cockroach barely misses you.
You barely miss the goblin.
The goblin is severely wounded.
You hit the kobold but do no damage. You barely miss the giant cockroach.
The kobold hits you but does no damage. The goblin hits you but does no damage.
The giant cockroach barely misses you. You block the kobold's attack.
The goblin barely misses you.
You hit the goblin.
You kill the goblin!
You slash the giant cockroach!
You kill the giant cockroach!
You miss the kobold. The kobold barely misses you.
You hit the kobold.
The kobold is severely wounded.
The kobold hits you with a +0 dagger.
A jackal comes into view.
You block the kobold's attack.
You closely miss the kobold.
The kobold is moderately wounded.
You closely miss the kobold.
The kobold hits you with a +0 short sword.
The kobold hits you but does no damage. You block the kobold's attack.
The jackal closely misses you.
You hit the kobold but do no damage.
The kobold is moderately wounded.
Your shield and scale mail prevent you from hitting the jackal.
You closely miss the kobold. The jackal misses you.
The kobold hits you with a +0 dagger. The kobold closely misses you.
You block the jackal's attack.
You closely miss the kobold.
The kobold is moderately wounded.
You hit the kobold. You hit the jackal but do no damage.
You block the kobold's attack. The kobold hits you but does no damage.
The jackal bites you but does no damage.
The kobold hits you but does no damage.
The jackal bites you but does no damage.
You block the kobold's attack.
You miss the kobold.
The kobold is severely wounded.
You slash the jackal!
You kill the jackal!
You barely miss the kobold. The kobold hits you but does no damage.
You block the kobold's attack. The jackal closely misses you.
You barely miss the kobold.
The kobold is severely wounded.
You hit the jackal. You hit the kobold but do no damage.
The jackal bites you but does no damage.
The kobold hits you but does no damage. The kobold barely misses you.
The jackal closely misses you. You block the kobold's attack.
You slash the kobold!
You kill the kobold!
You closely miss the jackal. You barely miss the kobold.
The jackal bites you but does no damage.
The kobold hits you but does no damage.
The jackal bites you but does no damage.
Your Unarmed Combat skill increases to level 1!
Your shield prevents you from hitting the jackal.
The jackal is heavily wounded.
You barely miss the kobold. The jackal bites you.
The kobold hits you but does no damage.
The jackal bites you but does no damage.
You closely miss the jackal.
The jackal is moderately wounded.
You barely miss the kobold.
The jackal bites you but does no damage.
You block the kobold's attack. You block the jackal's attack.
You block the kobold's attack.
You slash the jackal!
You kill the jackal!
You barely miss the kobold. You block the kobold's attack.
You closely miss the kobold. You block the kobold's attack.
The kobold hits you but does no damage.
You hit the kobold.
You kill the kobold!
No target in view!
No target in view!
No target in view!
No target in view!
No target in view!
No target in view!
No target in view!
No target in view!
No target in view!
No target in view!
No target in view!
No target in view!
No target in view!
No target in view!
No target in view!
No target in view!
No target in view!
No target in view!
No target in view!
No target in view!
No target in view!
An endoplasm comes into view.
An endoplasm is nearby!
An endoplasm is nearby!
An endoplasm is nearby!
An endoplasm is nearby!
The endoplasm quivers.
Things that are here:
a +0 short sword; a stone
Found a stone staircase leading down.
The endoplasm jiggles.
You hit the endoplasm.
The endoplasm is lightly wounded.
The endoplasm closely misses you. The endoplasm freezes you.
You are frozen.
You hit the endoplasm.
The endoplasm is heavily wounded.
The endoplasm barely misses you.
You hit the endoplasm.
You kill the endoplasm!
No target in view!
No target in view!
No target in view!
No target in view!
No target in view!
No target in view!
No target in view!
Things that are here:
a +0 short sword; a stone
Things that are here:
a +0 club; a goblin corpse
Found an escape hatch in the floor.
You see here a hobgoblin skeleton.
Found a short smoking staff.
You see here a staff of death.
A frilled lizard comes into view.
You see here a book of Party Tricks.
You block the frilled lizard's attack.
You barely miss the frilled lizard.
The frilled lizard bites you but does no damage.
You closely miss the frilled lizard. The frilled lizard barely misses you.
The frilled lizard bites you.
A frilled lizard is nearby!
You hit the frilled lizard.
You kill the frilled lizard!
No target in view!
No target in view!
You pick up a book of Party Tricks and begin reading...
You add the spells Apportation, Alistair's Intoxication and Invisibility to your library.
A goblin comes into view. It is wielding a +0 dagger.
The goblin shouts!
A goblin is nearby!
You slash the goblin!
You kill the goblin!
No target in view!
Okay, then.
You see here a +0 dagger.
There is a stone staircase leading down here.
You open the door.
There is an open door here.
Done exploring.
Done exploring.
Done exploring.
Done exploring.
No target in view!
(D) Dungeon
Where to? (? - help)
You see here a +0 mace.
There is a stone staircase leading down here.
You climb downwards.
There is a stone staircase leading up here.
An adder comes into view.
Found a stone staircase leading down.
The adder hisses angrily.
An adder is nearby!
An adder is nearby!
You closely miss the adder. You block the adder's attack. The adder bites you.
You are poisoned.
The adder poisons you!
You slash the adder!
You kill the adder!
You feel sick.
You have reached level 3!
Your experience leads to an increase in your attributes!
Increase (S)trength, (I)ntelligence, or (D)exterity?
You feel stronger.
You start resting.
You feel sick. x2
You are no longer poisoned.
You start resting.
HP restored.
A frilled lizard comes into view.
The frilled lizard hisses angrily.
You hear a shout!
A frilled lizard is nearby!
A frilled lizard is nearby!
A frilled lizard is nearby!
A kobold comes into view. It is wielding a +0 short sword.
The kobold shouts!
The kobold moves out of view.
The frilled lizard bites you but does no damage.
You slash the frilled lizard!
You kill the frilled lizard!
You barely miss the kobold. The kobold hits you but does no damage.
You closely miss the kobold. You block the kobold's attack.
The kobold hits you but does no damage.
You closely miss the kobold. The kobold hits you but does no damage.
You miss the kobold. The kobold barely misses you.
You closely miss the kobold.
The kobold hits you with a +0 short sword. x2
You hit the kobold but do no damage. You block the kobold's attack.
A kobold is nearby!
A kobold is nearby!
A kobold is nearby!
A kobold is nearby!
You hit the kobold.
The kobold is moderately wounded.
You block the kobold's attack.
You hit the kobold.
You kill the kobold!
No target in view!
No target in view!
No target in view!
No target in view!
No target in view!
No target in view!
No target in view!
No target in view!
No target in view!
No target in view!
No target in view!
No target in view!
Things that are here:
a +0 short sword; a frilled lizard corpse You now have 63 gold pieces (gained 7).
Found 15 stones.
Found a stone staircase leading up.
Found a stone staircase leading up.
An adder comes into view.
The adder hisses angrily.
You slash the adder!
You kill the adder!
Your Unarmed Combat skill increases to level 2!
No target in view!
No target in view!
No target in view!
No target in view!
No target in view!
No target in view!
No target in view!
No target in view!
No target in view!
No target in view!
No target in view!
You see here an adder corpse.
A frilled lizard comes into view.
The frilled lizard hisses angrily.
A frilled lizard is nearby!
A frilled lizard is nearby!
The frilled lizard bites you but does no damage.
You hit the frilled lizard.
You kill the frilled lizard!
No target in view!
No target in view!
No target in view!
No target in view!
No target in view!
h - a scroll labelled PYAFFOGHAN An endoplasm comes into view.
Found a scroll labelled PYAFFOGHAN.
The endoplasm quivers.
An endoplasm is nearby!
Found a robe.
You hit the endoplasm.
The endoplasm is heavily wounded.
You block the endoplasm's attack.
You hit the endoplasm but do no damage.
The endoplasm is heavily wounded.
The endoplasm hits you but does no damage. x2
You hit the endoplasm but do no damage.
The endoplasm is heavily wounded.
The endoplasm freezes you.
You are frozen.
You hit the endoplasm.
You kill the endoplasm!
No target in view!
No target in view!
No target in view!
No target in view!
h - 2 scrolls labelled PYAFFOGHAN (gained 1)
You now have 73 gold pieces (gained 10).
Found a robe.
i - a scroll labelled IJAOR JESIR A rat comes into view.
A rat is nearby!
A rat is nearby!
You see here a +0 robe.
You block the rat's attack.
You hit the rat.
You kill the rat!
No target in view!
No target in view!
No target in view!
No target in view!
No target in view!
No target in view!
No target in view!
You see here a rat corpse.
You now have 87 gold pieces (gained 14).
A goblin comes into view. It is wielding a +0 club.
The goblin unwields a +0 club.
The goblin wields a +0 hunting sling.
The goblin shoots a stone.
The stone closely misses you.
A goblin is nearby!
A goblin is nearby!
A goblin is nearby!
The goblin shoots a stone.
You reflect the stone off an invisible shield around you!
The stone closely misses the goblin.
The goblin unwields a +0 hunting sling.
The goblin wields a +0 club.
The goblin hits you but does no damage.
You barely miss the goblin. The goblin barely misses you.
The goblin closely misses you.
You hit the goblin.
You kill the goblin!
No target in view!
No target in view!
No target in view!
No target in view!
Things that are here:
a +0 club; a +0 hunting sling; 19 stones A bat comes into view.
You block the bat's attack.
You hit the bat.
You kill the bat!
A ball python comes into view.
A ball python is nearby!
A ball python is nearby!
A ball python is nearby!
You hit the ball python.
You kill the ball python!
No target in view!
A hobgoblin comes into view.
A hobgoblin is nearby!
Found 22 stones.
You slash the hobgoblin!
You kill the hobgoblin!
No target in view!
No target in view!
No target in view!
No target in view!
No target in view!
No target in view!
Found 16 stones.
Found a stone staircase leading down.
There is a stone staircase leading down here.
A giant cockroach comes into view.
Found 10 gold pieces.
You slash the giant cockroach!
You kill the giant cockroach!
No target in view!
No target in view!
No target in view!
A kobold comes into view. It is wielding a +0 club.
The kobold shouts!
A kobold is nearby!
A kobold is nearby!
Found a hat.
Found a stone staircase leading down.
The kobold hits you but does no damage.
You slash the kobold!
You kill the kobold!
No target in view!
No target in view!
No target in view!
No target in view!
No target in view!
No target in view!
No target in view!
No target in view!
You now have 97 gold pieces (gained 10).
j - a +0 hat
Found a barding.
You start putting on your armour.
You continue putting on your +0 hat. x4
You finish putting on your +0 hat.
A frilled lizard comes into view.
The frilled lizard hisses angrily.
A frilled lizard is nearby!
You hit the frilled lizard.
You kill the frilled lizard!
No target in view!
No target in view!
k - a scroll labelled CEASUCS GIONA A ball python comes into view.
The ball python hisses angrily.
A ball python is nearby!
You barely miss the ball python. You block the ball python's attack.
The ball python closely misses you.
You hit the ball python.
You kill the ball python!
You now have 100 gold pieces (gained 3).
Found a short sword.
You see here a +0 club.
There is a stone staircase leading down here.
l - a scroll labelled MODEAL ITRUDYA Key pressed, stopping explore.
No target in view!
No target in view!
You see here a rat skeleton.
Found a mace.
Found a runed translucent door.
Crazy Yiuf shouts!
Things that are here:
a +0 club; a +0 hunting sling; 19 stones You see here a ball python skeleton.
You see here a ball python skeleton.
Things that are here:
a +0 club; a +0 hunting sling; 19 stones You see here a rat skeleton.
There is a stone staircase leading up here.
Key pressed, stopping explore.
A worm comes into view.
The worm moves out of view.
A worm is nearby!
A worm is nearby!
You slash the worm!
The worm is heavily wounded.
You completely miss the worm.
The worm is heavily wounded.
You block the worm's attack.
You completely miss the worm.
The worm is heavily wounded.
You block the worm's attack.
You slash the worm!
The worm is almost dead.
The worm completely misses you.
You hit the worm.
You kill the worm!
No target in view!
No target in view!
No target in view!
No target in view!
No target in view!
You see here a worm corpse.
A giant cockroach comes into view.
A giant cockroach is nearby!
A giant cockroach is nearby!
A giant cockroach is nearby!
A giant cockroach is nearby!
You see here a +0 barding.
You barely miss the giant cockroach.
The giant cockroach bites you but does no damage.
You barely miss the giant cockroach.
The giant cockroach bites you but does no damage. x2
You hit the giant cockroach but do no damage.
You block the giant cockroach's attack. x2
You slash the giant cockroach!
You kill the giant cockroach!
No target in view!
No target in view!
No target in view!
No target in view!
No target in view!
No target in view!
Crazy Yiuf shouts!
Could not explore, unopened runed door.
Could not explore, unopened runed door.
Could not explore, unopened runed door.
Press: ? - help, v - describe, . - travel
Here: Crazy Yiuf, wielding a +3 quarterstaff of chaos and wearing a +0 cloak (fire blocked by a runed translucent door)
The floor.
Unknown command.
Unknown command.
Unknown command.
Unknown command.
Unknown command.
(D) Dungeon
Where to? (Enter - D:2, ? - help) Crazy Yiuf screams, "Prologue rumpyflump unthinkable!"
There is a stone staircase leading down here.
You climb downwards.
There is a stone staircase leading up here.
There is a stone staircase leading up here.
Found a shadowy altar of Dithmenos.
A ball python comes into view.
The ball python hisses angrily.
A ball python is nearby!
A ball python is nearby!
The ball python bites you but does no damage.
You block the ball python's attack.
You closely miss the ball python. You block the ball python's attack.
The ball python barely misses you. You block the ball python's attack. x2
You hit the ball python but do no damage.
The ball python bites you. You block the ball python's attack.
You closely miss the ball python. You block the ball python's attack.
The ball python grabs you. The ball python constricts you.
The ball python bites you but does no damage.
The ball python constricts you.
You hit the ball python but do no damage.
The ball python bites you. The ball python constricts you.
The ball python bites you but does no damage.
The ball python constricts you.
You hit the ball python.
You kill the ball python!
No target in view!
No target in view!
No target in view!
No target in view!
No target in view!
HP restored.
You now have 110 gold pieces (gained 10).
Found 21 stones.
An endoplasm comes into view.
An endoplasm is nearby!
You barely miss the endoplasm. The endoplasm closely misses you.
The endoplasm hits you but does no damage.
You completely miss the endoplasm. The endoplasm freezes you.
You are frozen.
You slash the endoplasm!
You kill the endoplasm!
No target in view!
No target in view!
No target in view!
No target in view!
No target in view!
k - 2 scrolls labelled CEASUCS GIONA (gained 1)
You now have 118 gold pieces (gained 8).
Found an escape hatch in the floor.
A worm comes into view.
Found 13 gold pieces.
A worm is nearby!
You hit the worm but do no damage. You barely miss the worm.
The worm bites you.
You hit the worm but do no damage. The worm bites you!
You hit the worm.
The worm is moderately wounded.
The worm bites you.
You are too injured to fight recklessly!
You are too injured to fight recklessly!
You are too injured to fight recklessly!
You are too injured to fight recklessly!
You are too injured to fight recklessly!
A worm is nearby!
A worm is nearby!
A worm is nearby!
You are too injured to fight recklessly!
You are too injured to fight recklessly!
You are too injured to fight recklessly!
You hit the worm but do no damage.
The worm is lightly wounded.
The worm bites you.
* * * LOW HITPOINT WARNING * * *
You hit the worm.
The worm is moderately wounded.
The worm bites you but does no damage.
You hit the worm.
The worm is moderately wounded.
You hit the worm.
The worm is moderately wounded.
The worm bites you but does no damage.
You hit the worm.
The worm is moderately wounded.
The worm bites you.
* * * LOW HITPOINT WARNING * * *
You barely miss the worm.
The worm is moderately wounded.
You block the worm's attack.
You barely miss the worm.
The worm is moderately wounded.
You block the worm's attack.
You hit the worm.
The worm is moderately wounded.
The worm bites you.
* * * LOW HITPOINT WARNING * * *
You hit the worm.
The worm is moderately wounded.
The worm bites you.
* * * LOW HITPOINT WARNING * * *
You hit the worm.
The worm is heavily wounded.
You see here 21 stones.
Found a yellow potion.
There is a stone staircase leading up here.
You start resting.
HP restored.
You slash the worm!
The worm is heavily wounded.
The worm barely misses you.
You slash the worm!
The worm is almost dead.
You barely miss the worm.
The worm is almost dead.
You block the worm's attack.
You hit the worm.
You kill the worm!
No target in view!
No target in view!
No target in view!
No target in view!
No target in view!
No target in view!
No target in view!
No target in view!
No target in view!
No target in view!
No target in view!
No target in view!
No target in view!
No target in view!
No target in view!
No target in view!
No target in view!
No target in view!
f - 2 yellow potions (gained 1)
You now have 131 gold pieces (gained 13).
Found an escape hatch in the ceiling.
There is an escape hatch in the ceiling here.
Found two stone staircases leading down.
Found 13 stones.
Found a piece from Xom's chessboard (15/15).
Found a shimmering altar of Xom.
No target in view!
No target in view!
No target in view!
No target in view!
No target in view!
No target in view!
Found 15 stones.
Found a dagger.
You see here 13 stones.
Found a stone staircase leading down.
No target in view!
No target in view!
No target in view!
No target in view!
No target in view!
No target in view!
No target in view!
No target in view!
No target in view!
No target in view!
No target in view!
No target in view!
No target in view!
No target in view!
No target in view!
No target in view!
No target in view!
No target in view!
No target in view!
No target in view!
m - a scroll labelled VECUCLEXI PYSCHAE Key pressed, stopping explore.
No target in view!
No target in view!
No target in view!
No target in view!
A bat and a giant cockroach come into view.
There are monsters nearby!
There are monsters nearby!
You block the bat's attack.
There are monsters nearby!
You closely miss the bat. The bat hits you but does no damage. x2
You block the giant cockroach's attack.
You slash the giant cockroach!
You kill the giant cockroach!
You closely miss the bat. The bat hits you but does no damage.
You closely miss the bat. You block the bat's attack.
The bat hits you but does no damage.
You slash the bat!
You kill the bat!
No target in view!
An adder comes into view.
The adder hisses angrily.
An adder is nearby!
An adder is nearby!
You slash the adder!
You kill the adder!
You have reached level 4!
You feel stronger.
Your demonic ancestry asserts itself...
Your blood heats up.
You see here an adder corpse.
Found a stone staircase leading up.
n - a ring of fire You now have 145 gold pieces (gained 14).
An orc priest comes into view. It is wielding a +0 whip.
The orc priest shouts!
You hear a shout! x4
The orc priest looks encouraged for a moment.
You slash the orc priest!
The orc priest is severely wounded.
You block the orc priest's attack. The orc priest hits you with a +0 whip.
You barely miss the orc priest.
The orc priest is severely wounded.
An orc wizard comes into view. It is wielding a +0 dagger.
The orc priest hits you with a +0 whip.
The orc wizard moves out of view.
You hit the orc priest but do no damage.
The orc priest is severely wounded.
You block the orc priest's attack.
You slash the orc priest!
You kill the orc priest!
Your Unarmed Combat skill increases to level 3!
An orc wizard is nearby!
An orc comes into view. It is wielding a +0 war axe.
The orc shouts!
The orc wizard closely misses you.
The orc moves out of view.
Things that are here:
a +0 whip; a +0 leather armour; an orc corpse An orc wizard is nearby!
You hit the orc wizard.
The orc wizard is moderately wounded.
An orc comes into view. It is wielding a +0 dagger.
The orc wizard hits you but does no damage.
There are monsters nearby!
You closely miss the orc wizard.
The orc wizard is moderately wounded.
You block the orc wizard's attack.
The orc wizard hits you with a +0 dagger.
There are monsters nearby!
You barely miss the orc wizard.
The orc wizard is moderately wounded.
The orc wizard barely misses you.
There are monsters nearby!
Your shield and scale mail prevent you from hitting the orc wizard.
The orc wizard is moderately wounded.
You closely miss the orc. The orc closely misses you.
The orc wizard gestures at you while chanting.
The magic dart hits you. The orc hits you but does no damage.
There are monsters nearby!
You hit the orc wizard but do no damage.
The orc wizard is moderately wounded.
You barely miss the orc.
The orc wizard hits you with a +0 dagger.
The orc hits you with a +0 war axe.
The orc wizard hits you with a +0 dagger.
There are monsters nearby!
You are too injured to fight recklessly!
There are monsters nearby!
You are too injured to fight recklessly!
There are monsters nearby!
You are too injured to fight recklessly!
There are monsters nearby!
You are too injured to fight recklessly!
There are monsters nearby!
You hit the orc.
The orc is heavily wounded.
You closely miss the orc wizard. You barely miss the orc.
The orc hits you with a +0 war axe.
* * * LOW HITPOINT WARNING * * *
The orc wizard points at you and mumbles some strange words.
You are confused.
The orc hits you but does no damage. The orc hits you with a +0 war axe.
* * * LOW HITPOINT WARNING * * *
You slash the orc!
You kill the orc!
You barely miss the orc wizard. You hit the orc.
The orc wizard hits you with a +0 dagger.
* * * LOW HITPOINT WARNING * * *
The orc is engulfed in blazing flames.
You kill the orc!
The orc wizard barely misses you.
You barely miss the orc wizard.
The orc wizard is moderately wounded.
The orc wizard hits you with a +0 dagger.
* * * LOW HITPOINT WARNING * * *
You bump into the rock wall.
The orc wizard casts a spell at you.
You are more confused.
An orc comes into view. It is wielding a +0 hand axe.
The orc wizard barely misses you.
Things that are here:
a +0 whip; a +0 leather armour; an orc corpse You closely miss the orc wizard.
The orc wizard is moderately wounded.
The orc wizard barely misses you.
You barely miss the orc wizard.
The orc wizard is moderately wounded.
The orc wizard hits you but does no damage. x2
The orc barely misses you.
Things that are here:
a +0 dagger; a +0 chain mail You miss the orc wizard.
The orc wizard is moderately wounded.
You barely miss the orc.
The orc wizard hits you but does no damage.
The orc barely misses you.
Your shield and scale mail prevent you from hitting the orc wizard.
The orc wizard is moderately wounded.
You hit the orc.
The orc wizard gestures at you while chanting.
The puff of flame hits you!
You die...

#.## ###.. #. #.## ..<..
##.# #.## ###..
#...#################.##
......................##
#
......####.###.######.#§
# ....####.###<######..§
### #..................§
... #)o@.#####.######..§
### #.o### #.# #.#§ #..#
#.# #.## # #..#######.#
#.## #. #..........#
#.## #.# ##.#########
#... ### #.#######.#
#### ..###........#
#.#.#########


You could see an orc wizard and an orc.

Vanquished Creatures
  An orc priest (D:3)
  3 adders
  2 worms
  2 orcs (D:3)
  3 ball pythons
  3 endoplasms
  5 giant cockroaches
  3 goblins
  3 hobgoblins
  2 jackals (D:1)
  7 bats
  4 frilled lizards
  5 kobolds
  2 rats
45 creatures vanquished.

Notes
Turn   | Place    | Note
-------+----------+-------------------------------------------
     0 | D:1      | sleeves the Demonspawn Fighter began the quest for the Orb.
     0 | D:1      | Reached XP level 1. HP: 18/18 MP: 1/1
    72 | D:1      | Reached skill level 2 in Axes
   279 | D:1      | Discovered your monstrous ancestry.
   279 | D:1      | Gained mutation: Your touch may inflict minor irresistible
                  | damage on your foes. [demonic ancestry]
   279 | D:1      | Reached XP level 2. HP: 24/24 MP: 2/2
   401 | D:1      | Reached skill level 1 in Unarmed Combat
   733 | D:2      | Reached XP level 3. HP: 22/29 MP: 3/3
   915 | D:2      | Reached skill level 2 in Unarmed Combat
  1301 | D:2      | Found a runed translucent door.
  1302 | D:2      | Noticed Crazy Yiuf
  1592 | D:3      | Found a shadowy altar of Dithmenos.
  1706 | D:3      | HP: 14/29 [worm (6)]
  1713 | D:3      | HP: 10/29 [worm (2)]
  2108 | D:3      | Found a shimmering altar of Xom.
  2175 | D:3      | Gained mutation: Your demonic aura sometimes causes spilled
                  | blood to erupt in flames. [demonic ancestry]
  2175 | D:3      | Reached XP level 4. HP: 35/35 MP: 4/4
  2257 | D:3      | Reached skill level 3 in Unarmed Combat
  2263 | D:3      | HP: 15/35 [orc (6)]
  2264 | D:3      | HP: 7/35 [orc wizard (3)]
  2273 | D:3      | Killed from afar by an orc wizard

Illustrated notes

Levels and vault maps discovered:
D:1:      minmay_arrival_stone_box, layout_rooms, st_stairs_7, interstate_on_off
D:2:      layout_loops_ring, uniq_crazy_yiuf_cottage
D:3:      layout_loops_ring, nicolae_dithmenos_the_darkroom, xom_butterflies

Skill      XL: |  1  2  3  4 |
---------------+-------------+-----
Axes           | 2 |  2.5
Unarmed Combat | 1 2 3 |  3.4
Fighting       | |  3.0
Armour         | |  2.6
Shields        | |  2.6

Action                   |  1- 3 |  4- 6 || total
-------------------------+-------+-------++-------
Melee: War axe           |   119 |    16 ||   135
Armor: Scale mail        |    59 |     6 ||    65
Dodge: Dodged            |    37 |     8 ||    45
Block: Buckler           |    54 |     3 ||    57
       Reflection        |     2 |       ||     2

Table legend: (Time is in decaauts)
 A = Elapsed time spent in this place.
 B = Non-inter-level travel time spent in this place.
 C = Inter-level travel time spent in this place.
 D = Time resting spent in this place.
 E = Time spent auto-exploring this place.
 F = Levels seen in this place.
 G = Mean time per level.
                   A        B        C        D        E       F      G
               +--------+--------+--------+--------+--------+-----+--------+
         Total |   2328 |   2267 |     61 |    321 |   1558 |   3 |  776.0 |
       Dungeon |   2328 |   2267 |     61 |    321 |   1558 |   3 |  776.0 |
               +--------+--------+--------+--------+--------+-----+--------+

Top non-repeatable levels by time:
     D:2: 870 daAuts
     D:1: 744 daAuts
     D:3: 712 daAuts
